 Dungeon Crawl Stone Soup version 0.27-a0-906-g0a00ce863d (webtiles) character file.

Game seed: 5014620951032942527

371 kae the Ruffian (level 6, 0/48 HPs)
             Began as a Demonspawn Gladiator on Apr 6, 2021.
             Killed from afar by a steam dragon (16 damage)
             ... with a ball of steam
             ... on level 6 of the Dungeon.
             The game lasted 00:02:13 (3495 turns).

kae the Ruffian (Demonspawn Gladiator)              Turns: 3495, Time: 00:02:13

Health: 0/48       AC:  5    Str: 16    XL:     6   Next: 42%
Magic:  6/6        EV: 13    Int:  9    God:
Gold:   65         SH:  0    Dex: 15    Spells: 5/5 levels left

rFire    . . .     SeeInvis .     - Unarmed
rCold    . . .     Faith    .   (no shield)
rNeg     . . .     Spirit   .   a - +1 leather armour
rPois    .         Reflect  .   b - +0 helmet
rElec    .         Harm     .   (no cloak)
rCorr    .         Rampage  .   (no gloves)
Will     .....                  (no boots)
Stlth    +.........             (no amulet)
HPRegen  0.16/turn              g - ring of wizardry
MPRegen  0.10/turn              (no ring)

@: no status effects
A: claws 2, spiny 1
a: no special abilities


You were on level 6 of the Dungeon.
You visited 1 branch of the dungeon, and saw 5 of its levels.

You collected 65 gold pieces.

Inventory:

Missiles
 c - 2 throwing nets (quivered)
Armour
 a - a +1 leather armour (worn)
 b - a +0 helmet (worn)
Jewellery
 g - a ring of wizardry (left claw)
Wands
 j - a wand of random effects (9)
Scrolls
 e - 2 scrolls of immolation
Potions
 d - a potion of heal wounds {unknown}
 f - a potion of brilliance
 h - a potion of curing
 i - a potion of might {unknown}


   Skills:
 + Level 3.7 Fighting
 - Level 1.7 Throwing
 + Level 4.0 Dodging
 * Level 5.1 Unarmed Combat


You had 5 spell levels left.
You didn't know any spells.
Your spell library contained the following spells:

 Spells                   Type           Power      Damage    Failure   Level
 Animate Skeleton         Necr           0%         N/A       21%         1
 Apportation              Tloc           0%         N/A       21%         1
 Corona                   Hex            0%         N/A       21%         1
 Summon Small Mammal      Summ           0%         N/A       21%         1


Dungeon Overview and Level Annotations

Branches:
Dungeon (4/15)
 Temple: D:4-7

Altars:
The Shining One


Innate Abilities, Weirdness & Mutations

You have very sharp fingernails.
You are partially covered in sharp spines.


Message History

Your life force feels restored.
Your Dodging skill increases to level 4!
Your Unarmed Combat skill increases to level 5!
Okay, then.
Okay, then.
You feel better. Something barely misses you.
A magic dart appears from out of thin air!
The magic dart hits you.
Found a scroll labelled VEREFE PAU.
You see here a scroll labelled VEREFE PAU.
Found 16 gold pieces.
Found a stone staircase leading down.
The steam dragon breathes steam at you.
The ball of steam hits the orc!!
The orc dies!
The ball of steam hits you!
A water moccasin zombie comes into view.
The shadow imp is engulfed in a cloud of scalding steam.
You hear some strange, mumbled words.
Something tries to affect you, but you resist.
The steam dragon breathes steam at you. The ball of steam hits you!
The water moccasin zombie is engulfed in a cloud of scalding steam.
The shadow imp is engulfed in a cloud of scalding steam.
Something completely misses you.
The water moccasin zombie is engulfed in a cloud of scalding steam.
The shadow imp is engulfed in a cloud of scalding steam.
The shadow imp dies!
You hear some strange, mumbled words.
A puff of flame appears from out of thin air!
The puff of flame hits you.
* * * LOW HITPOINT WARNING * * *
There is a stone staircase leading down here.
The water moccasin zombie is struck by your spines.
The water moccasin zombie closely misses you.
The steam dragon breathes steam at you.
The ball of steam hits the orc!
The orc dies!
The ball of steam hits you!
You die...

.. +.#.######.###
..###...D....D...# #
.....##.######.#.##.#
....###.# #.D....#
....o.o.# ###.####
....##### #.#
#.#Z######## #§# .
#D..>....# #§#
.##........# #@#
......o....# ###.##
...........##.....#
.##........##.....# .
#........##.....#
#........##.....#
#..##...........#
#..#...).##.#.###
.......§...o$...# ##


There were no monsters in sight!

Vanquished Creatures
  A water moccasin (D:3)
  A necrophage (D:6)
  Jessica (D:3)
  Natasha (twice) (D:3)
  6 adders
  A howler monkey skeleton (D:4)
  A dart slug (D:2)
  An orc (D:3)
  5 bats
  3 endoplasms
  4 goblins
  3 hobgoblins
  3 kobolds
  4 quokkas
  2 ball pythons
  4 frilled lizards
  5 rats
47 creatures vanquished.

Vanquished Creatures (others)
  A shadow imp (D:6)
  2 orcs (D:6)
3 creatures vanquished.

Grand Total: 50 creatures vanquished

Notes
Turn   | Place    | Note
-------+----------+-------------------------------------------
     0 | D:1      | kae the Demonspawn Gladiator began the quest for the Orb.
     0 | D:1      | Reached XP level 1. HP: 16/16 MP: 1/1
   328 | D:1      | Reached skill level 3 in Unarmed Combat
   333 | D:1      | Gained mutation: You have sharp fingernails. [demonic
                  | ancestry]
   333 | D:1      | Reached XP level 2. HP: 14/22 MP: 2/2
   614 | D:1      | Found a faded altar of an unknown god.
   916 | D:2      | Gained mutation: You have very sharp fingernails. [demonic
                  | ancestry]
   916 | D:2      | Reached XP level 3. HP: 5/28 MP: 3/3
  2057 | D:3      | Noticed Jessica
  2209 | D:3      | Noticed Natasha
  2222 | D:3      | Killed Natasha
  2223 | D:3      | Reached XP level 4. HP: 24/34 MP: 4/4
  2585 | D:3      | Reached skill level 4 in Unarmed Combat
  2876 | D:3      | Noticed Natasha
  2883 | D:3      | Killed Natasha
  2884 | D:3      | Reached XP level 5. HP: 40/41 MP: 5/5
  3194 | D:3      | Noticed a water moccasin
  3204 | D:3      | Killed a water moccasin
  3281 | D:3      | Killed Jessica
  3282 | D:3      | Gained mutation: You are partially covered in sharp spines.
                  | [demonic ancestry]
  3282 | D:3      | Reached XP level 6. HP: 35/47 MP: 6/6
  3436 | D:4      | You fall into a shaft and drop 2 floors!
  3445 | D:6      | Noticed a steam dragon
  3450 | D:6      | Reached skill level 5 in Unarmed Combat
  3495 | D:6      | Killed from afar by a steam dragon

Illustrated notes

Levels and vault maps discovered:
D:1:      nicolae_arrival_memento_mori, layout_basic, basic_ecumenical_altar,
          chequers_jeans
D:2:      layout_basic, basic_altar, minmay_splitting_lines, dk_noncrumbling_4,
          minmay_tetromino_l4
D:3:      layout_loops_corners, minmay_stone_trees_medium, uniq_jessica,
          uniq_natasha
D:4:      layout_rooms, elyvilon_altar_1,
          nicolae_gozag_cash_rules_everything_around_me,
          minmay_temple_entry_tees, uniq_crazy_yiuf_cottage
D:6:      layout_loops_cross, serial_shops, kennysheep_mini, shop_statue,
          kennysheep_mini_moat

Skill      XL: |  1  2  3  4  5  6 |
---------------+-------------------+-----
Unarmed Combat | 3 4 5 |  5.1
Dodging        | 3 4 |  4.0
Fighting       | 3 |  3.7
Throwing       | |  1.7

Action                   |  1- 3 |  4- 6 || total
-------------------------+-------+-------++-------
Melee: Unarmed           |   121 |    67 ||   188
       Punch             |     2 |       ||     2
Throw: Throwing net      |       |     1 ||     1
  Use: Scroll            |     7 |       ||     7
       Potion            |       |     3 ||     3
 Stab: Sleeping          |     1 |       ||     1
Armor: Leather armour    |    39 |    10 ||    49
Dodge: Dodged            |    82 |    35 ||   117

Table legend: (Time is in decaauts)
 A = Elapsed time spent in this place.
 B = Non-inter-level travel time spent in this place.
 C = Inter-level travel time spent in this place.
 D = Time resting spent in this place.
 E = Time spent auto-exploring this place.
 F = Levels seen in this place.
 G = Mean time per level.
                   A        B        C        D        E       F      G
               +--------+--------+--------+--------+--------+-----+--------+
         Total |   3500 |   3419 |     81 |    350 |   2705 |   5 |  700.0 |
       Dungeon |   3500 |   3419 |     81 |    350 |   2705 |   5 |  700.0 |
               +--------+--------+--------+--------+--------+-----+--------+

Top non-repeatable levels by time:
     D:3: 1378 daAuts
     D:2: 1199 daAuts
     D:1: 818 daAuts
     D:6: 58 daAuts
     D:4: 45 daAuts
